TAMPA BAY vs ST.LOUIS

Created - March-08-21 at 15:19

Goals
1 2 3 T
TAMPA BAY 0 0 0 0
ST.LOUIS 1 1 1 3
Shots
1 2 3 T
TAMPA BAY 10 11 13 34
ST.LOUIS 10 3 12 25

1st period

1. ST.LOUIS , Jaden Schwartz 11 (Carl Soderberg 15) at 16:16

Penalties :
Neal Pionk (STL) for Tripping (Minor) at 9:26, Brett Connolly (STL) for Roughing (Minor) at 14:01, Ryan Johansen (STL) for Interference (Minor) at 17:07

2nd period

2. ST.LOUIS , Sam Gagner 1 (Eric Fehr 2, Adam Fox 11) at 12:16

Penalties :
Darnell Nurse (STL) for Tripping (Minor) at 0:10, Brett Howden (STL) for Roughing (Minor) at 3:14, Mathew Barzal (TB ) for Hooking (Minor) at 3:52, Filip Forsberg (TB ) for Roughing (Minor) at 9:43, Neal Pionk (STL) for Hooking (Minor) at 13:11, Johnny Gaudreau (STL) for Holding (Minor) at 13:22

3rd period

3. ST.LOUIS , Sam Gagner 2 (Tim Schaller 2, Darnell Nurse 14) at 12:51

Penalties :
Elias Lindholm (TB ) for Interference (Minor) at 0:37, Brayden McNabb (STL) for Slashing (Minor) at 5:30

Goalie Stats

Pavel Francouz (TB ), 22 saves from 25 shots - (0.880), L, 9-6-4, 60:00 minutes
Semyon Varlamov (STL), 34 saves from 34 shots - (1.000), W, 10-8-3, 60:00 minutes

Players Stats for TAMPA BAY

Player Name              G  A  P  +/- PIM S  H  SB GA TA FO     MP     PP MP  PK MP  
------------------------------------------------------------------------------------
David Kampf              0  0  0   0  0   0  2  0  0  0  4/5     3:01   0:00   0:29 
Elias Lindholm           0  0  0   0  2   5  6  0  0  0  19/32  23:19   7:27   1:27 
Filip Chytil             0  0  0  -1  0   2  0  0  0  0  10/22  18:42   4:28   0:00 
Filip Forsberg           0  0  0  -1  2   2  4  0  0  0  0/0    19:22   4:28   0:00 
Jake Virtanen            0  0  0  -2  0   4  2  0  0  0  2/2    14:08   0:48   0:00 
Jesper Bratt             0  0  0   0  0   0  0  0  0  0  0/4     4:52   0:00   2:20 
John Klingberg           0  0  0  -1  0   1  1  1  0  0  0/0    26:05   7:48   2:15 
Josh Brown               0  0  0  -2  0   0  2  1  0  0  0/0    14:49   1:04   0:00 
MacKenzie Weegar         0  0  0  -2  0   0  4  1  0  0  0/0    14:49   1:04   0:00 
Mathew Barzal            0  0  0   0  2   3  0  0  0  0  0/1    19:31   7:26   0:51 
Rasmus Andersson         0  0  0   0  0   1  3  2  0  0  0/0    19:06   3:51   2:21 
Robby Fabbri             0  0  0  -2  0   1  0  0  0  0  1/1    14:08   0:48   0:00 
Sebastian Aho            0  0  0   0  0   6  2  0  0  0  0/2    22:18   7:27   2:57 
Sonny Milano             0  0  0   0  0   0  0  0  0  0  1/1     1:29   0:48   0:00 
Tyson Jost               0  0  0  -2  0   0  0  1  0  0  5/17   13:20   0:00   0:00 
Viktor Arvidsson         0  0  0  -1  0   6  2  0  0  0  1/2    19:50   4:28   1:08 
Vladislav Gavrikov       0  0  0   0  0   2  1  1  0  0  0/0    19:06   3:51   2:21 
Zach Werenski            0  0  0  -1  0   1  1  0  0  0  0/0    26:05   7:48   2:15 

Players Stats for ST.LOUIS

Player Name              G  A  P  +/- PIM S  H  SB GA TA FO     MP     PP MP  PK MP  
------------------------------------------------------------------------------------
Adam Fox                 0  1  1   1  0   0  0  1  0  0  0/0    15:22   0:00   1:52 
Andy Greene              0  0  0   1  0   2  1  1  0  0  0/0    25:29   2:12   6:50 
Blake Lizotte            0  0  0   0  0   0  0  0  0  0  0/1     0:35   0:00   0:35 
Brayden McNabb           0  0  0   1  2   1  1  0  0  0  0/0    19:40   2:24   4:33 
Brenden Dillon           0  0  0   1  0   2  3  0  0  0  0/0    20:55   2:24   5:47 
Brett Connolly           0  0  0   1  2   2  2  0  0  0  0/1    14:26   3:15   0:00 
Brett Howden             0  0  0   0  2   0  2  0  0  0  4/12    9:50   0:00   0:00 
Carl Soderberg           0  1  1   1  0   2  0  0  0  0  12/18  18:13   3:15   3:46 
Darnell Nurse            0  1  1   1  2   1  3  2  0  0  0/0    24:24   2:12   5:46 
Eric Fehr                0  1  1   2  0   2  0  0  0  0  4/8     6:19   0:00   0:00 
Jaden Schwartz           1  0  1   1  0   2  0  0  0  0  3/6    18:13   3:15   3:46 
James Neal               0  0  0   0  0   0  3  0  0  0  3/5    14:00   0:00   4:09 
Jeff Carter              0  0  0   0  0   1  0  0  0  0  0/1    16:06   1:21   0:47 
Johnny Gaudreau          0  0  0   0  2   1  1  0  0  0  6/16   22:38   1:21   5:58 
Joonas Donskoi           0  0  0   0  0   2  0  0  0  0  0/0     9:51   0:00   0:00 
Neal Pionk               0  0  0   1  4   2  0  1  0  0  0/0    14:06   0:00   0:38 
Ryan Johansen            0  0  0   0  2   3  1  1  0  0  13/20  21:15   1:21   4:36 
Sam Gagner               2  0  2   2  0   2  0  0  0  0  0/0     6:19   0:00   0:00 
Tim Schaller             0  1  1   2  0   0  0  0  0  0  1/1     6:19   0:00   0:00 

3 Stars

1 - Semyon Varlamov (STL)
2 - Sam Gagner (STL)
3 - Jaden Schwartz (STL)

Power Play

TAMPA BAY - 0 on 8 Attempt(s) - 0.00%
ST.LOUIS - 0 on 3 Attempt(s) - 0.00%

Penalty Kill

TAMPA BAY - 3 on 3 Attempt(s) - 100.00% - Score 0 goal in Penalty Kill
ST.LOUIS - 8 on 8 Attempt(s) - 100.00% - Score 0 goal in Penalty Kill

Team Stat

TAMPA BAY - Hits : 30 - Faceoff Wins : 43 - Blocked Shots : 7 - Penalty Minutes : 6
ST.LOUIS - Hits : 17 - Faceoff Wins : 46 - Blocked Shots : 6 - Penalty Minutes : 16

Official

Referees : Peter MacDougall and Chris Schlenker
Linesman : Travis Toomey and Robb Harrell

Game Notes

No Game Note

Finance

Level 1 -- Attendance: 6000 (100.00%) -- Ticket Income $456,000
Level 2 -- Attendance: 5000 (100.00%) -- Ticket Income $275,000
Level 3 -- Attendance: 1760 (88.00%) -- Ticket Income $61,600
Level 4 -- Attendance: 3687 (92.18%) -- Ticket Income $73,740
Luxury Box -- Attendance: 887 (88.70%) -- Ticket Income $133,050
Game was played at the Scottrade Center.
Total Attendance: 17334 (96.30%)
Total Ticket Income: $999,390
Total Income: $999,390

TAMPA BAY

5 vs 5 Forward 
   Center                   Left Wing                Right Wing               Time % Phy DF OF 
 1 Elias Lindholm           Sebastian Aho            Mathew Barzal            35     1   2  2  
 2 Filip Chytil             Filip Forsberg           Viktor Arvidsson         30     1   2  2  
 3 Tyson Jost               Jake Virtanen            Robby Fabbri             25     1   2  2  
 4 David Kampf              Jesper Bratt             Elias Lindholm           10     1   2  2  

5 vs 5 Defense 
   Defense                  Defense                                           Time % Phy DF OF 
 1 Zach Werenski            John Klingberg                                    35     1   2  2  
 2 Rasmus Andersson         Vladislav Gavrikov                                30     1   2  2  
 3 MacKenzie Weegar         Josh Brown                                        25     1   2  2  
 4 Zach Werenski            John Klingberg                                    10     1   2  2  

PowerPlay Forward 
   Center                   Left Wing                Right Wing               Time % Phy DF OF 
 1 Elias Lindholm           Sebastian Aho            Mathew Barzal            60     1   2  2  
 2 Filip Chytil             Filip Forsberg           Viktor Arvidsson         40     1   2  2  

PowerPlay Defense
   Defense                  Defense                                           Time % Phy DF OF 
 1 Zach Werenski            John Klingberg                                    60     1   2  2  
 2 Rasmus Andersson         Vladislav Gavrikov                                40     1   2  2  

Penalty Kill 4 Players Forward 
   Center                   Wing                     Time % Phy DF OF 
 1 Elias Lindholm           Sebastian Aho            60     1   2  2  
 2 Mathew Barzal            Filip Forsberg           40     1   2  2  

Penalty Kill 4 Players Defense
   Defense                  Defense                  Time % Phy DF OF 
 1 Zach Werenski            John Klingberg           60     1   2  2  
 2 Rasmus Andersson         Vladislav Gavrikov       40     1   2  2  

Penalty Kill - 3 Players Forward 
   Forward                                           Time % Phy DF OF 
 1 Elias Lindholm                                    60     1   2  2  
 2 Sebastian Aho                                     40     1   2  2  

Penalty Kill - 3 Players Defense
   Defense                  Defense                  Time % Phy DF OF 
 1 Zach Werenski            John Klingberg           60     1   2  2  
 2 Rasmus Andersson         Vladislav Gavrikov       40     1   2  2  

4 vs 4 Forward 
   Center                   Wing                     Time % Phy DF OF 
 1 Elias Lindholm           Sebastian Aho            60     1   2  2  
 2 Mathew Barzal            Filip Forsberg           40     1   2  2  

4 vs 4 Defense
   Defense                  Defense                  Time % Phy DF OF 
 1 Zach Werenski            John Klingberg           60     1   2  2  
 2 Rasmus Andersson         Vladislav Gavrikov       40     1   2  2  

Last Minutes Offensive
   Center                   Left Wing                Right Wing               Defense                  Defense                  
   Elias Lindholm           Sebastian Aho            Mathew Barzal            Zach Werenski            John Klingberg           

Last Minutes Defensive
   Center                   Left Wing                Right Wing               Defense                  Defense                  
   Elias Lindholm           Sebastian Aho            Mathew Barzal            Zach Werenski            John Klingberg           

Goaltenders
Starting : Pavel Francouz           
Backup : Casey DeSmith            

Extra Forwards
Normal : Sonny Milano, Jake Virtanen, Jesper Bratt - PP : Sonny Milano, Jake Virtanen - PK : Jesper Bratt
Extra Defensemen
Normal : MacKenzie Weegar, Josh Brown, Rasmus Andersson - PP : MacKenzie Weegar - PK : Josh Brown, Rasmus Andersson
Penalty Shots
Elias Lindholm, Sebastian Aho, Mathew Barzal, Filip Forsberg, Viktor Arvidsson

Scratches
Anthony Bitetto (Healthy), TB Cap Hit (Healthy)

ST.LOUIS

5 vs 5 Forward 
   Center                   Left Wing                Right Wing               Time % Phy DF OF 
 1 Ryan Johansen            Johnny Gaudreau          Jeff Carter              35     1   2  2  
 2 Carl Soderberg           Jaden Schwartz           Brett Connolly           30     1   2  2  
 3 Brett Howden             Joonas Donskoi           James Neal               25     1   2  2  
 4 Eric Fehr                Tim Schaller             Sam Gagner               10     1   2  2  

5 vs 5 Defense 
   Defense                  Defense                                           Time % Phy DF OF 
 1 Darnell Nurse            Andy Greene                                       35     1   2  2  
 2 Brayden McNabb           Brenden Dillon                                    30     1   2  2  
 3 Neal Pionk               Adam Fox                                          25     1   2  2  
 4 Darnell Nurse            Andy Greene                                       10     1   2  2  

PowerPlay Forward 
   Center                   Left Wing                Right Wing               Time % Phy DF OF 
 1 Ryan Johansen            Johnny Gaudreau          Jeff Carter              60     1   2  2  
 2 Carl Soderberg           Jaden Schwartz           Brett Connolly           40     1   2  2  

PowerPlay Defense
   Defense                  Defense                                           Time % Phy DF OF 
 1 Darnell Nurse            Andy Greene                                       60     1   2  2  
 2 Brayden McNabb           Brenden Dillon                                    40     1   2  2  

Penalty Kill 4 Players Forward 
   Center                   Wing                     Time % Phy DF OF 
 1 Johnny Gaudreau          Ryan Johansen            60     1   2  2  
 2 Jaden Schwartz           Carl Soderberg           40     1   2  2  

Penalty Kill 4 Players Defense
   Defense                  Defense                  Time % Phy DF OF 
 1 Darnell Nurse            Andy Greene              60     1   2  2  
 2 Brayden McNabb           Brenden Dillon           40     1   2  2  

Penalty Kill - 3 Players Forward 
   Forward                                           Time % Phy DF OF 
 1 Johnny Gaudreau                                   60     1   2  2  
 2 Ryan Johansen                                     40     1   2  2  

Penalty Kill - 3 Players Defense
   Defense                  Defense                  Time % Phy DF OF 
 1 Darnell Nurse            Andy Greene              60     1   2  2  
 2 Brayden McNabb           Brenden Dillon           40     1   2  2  

4 vs 4 Forward 
   Center                   Wing                     Time % Phy DF OF 
 1 Johnny Gaudreau          Ryan Johansen            60     1   2  2  
 2 Jaden Schwartz           Carl Soderberg           40     1   2  2  

4 vs 4 Defense
   Defense                  Defense                  Time % Phy DF OF 
 1 Darnell Nurse            Andy Greene              60     1   2  2  
 2 Brayden McNabb           Brenden Dillon           40     1   2  2  

Last Minutes Offensive
   Center                   Left Wing                Right Wing               Defense                  Defense                  
   Ryan Johansen            Johnny Gaudreau          Jeff Carter              Darnell Nurse            Andy Greene              

Last Minutes Defensive
   Center                   Left Wing                Right Wing               Defense                  Defense                  
   Ryan Johansen            Johnny Gaudreau          Jeff Carter              Darnell Nurse            Andy Greene              

Goaltenders
Starting : Semyon Varlamov          
Backup : Elvis Merzlikins         

Extra Forwards
Normal : Blake Lizotte, Joonas Donskoi, James Neal - PP : Blake Lizotte, Joonas Donskoi - PK : James Neal
Extra Defensemen
Normal : Neal Pionk, Adam Fox, Brayden McNabb - PP : Neal Pionk - PK : Adam Fox, Brayden McNabb
Penalty Shots
Johnny Gaudreau, Ryan Johansen, Jaden Schwartz, Carl Soderberg, Jeff Carter

Scratches
STL Cap Hit (Suspend), Nick Ritchie (Healthy)

% Time on Ice - TAMPA BAY

Lines # - Real PCT - Wanted PCT - Time Play
Normal Forward
1 - 27% - 35% - 11:14
2 - 34% - 30% - 14:14
3 - 32% - 25% - 13:20
4 - 6% - 10% - 2:32
Normal Defense
1 - 35% - 35% - 14:29
2 - 30% - 30% - 12:14
3 - 33% - 25% - 13:45
4 - 2% - 10% - 0:52
PP Forward
1 - 59% - 60% - 7:27
2 - 41% - 40% - 5:16
PP Defense
1 - 63% - 60% - 8:04
2 - 37% - 40% - 4:39
PK Forward
1 - 82% - 60% - 3:45
2 - 18% - 40% - 0:51
PK Defense
1 - 49% - 60% - 2:15
2 - 51% - 40% - 2:21
PK3 Forward
1 - 0% - 60%
2 - 0% - 40%
PK3 Defense
1 - 0% - 60%
2 - 0% - 40%
44 Forward
1 - 49% - 60% - 0:40
2 - 51% - 40% - 0:41
44 Defense
1 - 51% - 60% - 0:41
2 - 49% - 40% - 0:40
Last Minute Offensive  - 0:00
Last Minute Defensive  - 0:00
Total
Forward - 60:00
Defense - 60:00

% Time on Ice - ST.LOUIS

Lines # - Real PCT - Wanted PCT - Time Play
Normal Forward
1 - 34% - 35% - 13:58
2 - 27% - 30% - 11:12
3 - 24% - 25% - 9:51
4 - 15% - 10% - 6:19
Normal Defense
1 - 35% - 35% - 14:22
2 - 31% - 30% - 12:44
3 - 33% - 25% - 13:30
4 - 2% - 10% - 0:44
PP Forward
1 - 29% - 60% - 1:21
2 - 71% - 40% - 3:15
PP Defense
1 - 48% - 60% - 2:12
2 - 52% - 40% - 2:24
PK Forward
1 - 65% - 60% - 7:09
2 - 35% - 40% - 3:46
PK Defense
1 - 47% - 60% - 5:05
2 - 53% - 40% - 5:50
PK3 Forward
1 - 100% - 60% - 1:48
2 - 0% - 40% - 0:00
PK3 Defense
1 - 72% - 60% - 1:18
2 - 28% - 40% - 0:30
44 Forward
1 - 100% - 60% - 1:21
2 - 0% - 40% - 0:00
44 Defense
1 - 100% - 60% - 1:21
2 - 0% - 40% - 0:00
Last Minute Offensive  - 0:00
Last Minute Defensive  - 0:00
Total
Forward - 60:00
Defense - 60:00

Play-by-Play

1st period


0:01 of 1st period - Ryan Johansen wins face-off versus Elias Lindholm in neutral zone.
0:01 of 1st period - Ryan Johansen is hit by Elias Lindholm.
0:13 of 1st period - Shot by Elias Lindholm.
0:13 of 1st period - Stopped by Semyon Varlamov with a rebound.
1:27 of 1st period - Shot by Jaden Schwartz.
1:27 of 1st period - Shot Misses the Net.
1:31 of 1st period - Shot by Jaden Schwartz.
1:31 of 1st period - Shot Hit the Post.
1:33 of 1st period - Shot by Jaden Schwartz.
1:33 of 1st period - Stopped by Pavel Francouz with a rebound.
1:35 of 1st period - Shot by Brenden Dillon.
1:35 of 1st period - Stopped by Pavel Francouz without a rebound.
1:36 of 1st period - Jake Virtanen wins face-off versus Brett Howden in TAMPA BAY zone.
1:38 of 1st period - Icing by MacKenzie Weegar.
1:39 of 1st period - Robby Fabbri wins face-off versus Brett Howden in TAMPA BAY zone.
1:39 of 1st period - Robby Fabbri is hit by Brett Howden.
1:44 of 1st period - Off-side.
1:45 of 1st period - Brett Howden wins face-off versus Tyson Jost in neutral zone.
1:45 of 1st period - Adam Fox is hit by Jake Virtanen and loses puck.
1:49 of 1st period - Neal Pionk is hit by MacKenzie Weegar and loses puck.
2:30 of 1st period - Adam Fox is hit by Josh Brown and loses puck.
2:46 of 1st period - Jaden Schwartz is hit by MacKenzie Weegar and loses puck.
2:57 of 1st period - Shot by Brett Connolly.
2:57 of 1st period - Stopped by Pavel Francouz without a rebound.
2:58 of 1st period - David Kampf wins face-off versus Eric Fehr in TAMPA BAY zone.
3:15 of 1st period - Shot by Eric Fehr.
3:15 of 1st period - Stopped by Pavel Francouz with a rebound.
3:17 of 1st period - Shot by Tim Schaller.
3:17 of 1st period - Shot Misses the Net.
3:36 of 1st period - Tim Schaller is hit by Zach Werenski and loses puck.
4:00 of 1st period - Icing by Vladislav Gavrikov.
4:01 of 1st period - Ryan Johansen wins face-off versus Viktor Arvidsson in TAMPA BAY zone.
4:24 of 1st period - Jeff Carter is hit by Rasmus Andersson and loses puck.
5:35 of 1st period - Off-side.
5:36 of 1st period - Tyson Jost wins face-off versus Brett Howden in neutral zone.
5:36 of 1st period - Tyson Jost is hit by James Neal.
5:51 of 1st period - Jake Virtanen is hit by Andy Greene and loses puck.
7:17 of 1st period - Icing by Vladislav Gavrikov.
7:18 of 1st period - Ryan Johansen wins face-off versus Filip Chytil in TAMPA BAY zone.
7:30 of 1st period - Shot by Ryan Johansen.
7:30 of 1st period - Stopped by Pavel Francouz with a rebound.
8:33 of 1st period - Mathew Barzal is hit by Brett Connolly and loses puck.
8:42 of 1st period - Shot by Sebastian Aho.
8:42 of 1st period - Stopped by Semyon Varlamov without a rebound.
8:43 of 1st period - Tyson Jost wins face-off versus Brett Howden in ST.LOUIS zone.
8:46 of 1st period - Shot by Jake Virtanen.
8:46 of 1st period - Shot Misses the Net.
8:48 of 1st period - Shot by MacKenzie Weegar.
8:48 of 1st period - Shot Misses the Net.
8:52 of 1st period - Shot by Jake Virtanen.
8:52 of 1st period - Stopped by Semyon Varlamov without a rebound.
8:53 of 1st period - Eric Fehr wins face-off versus Elias Lindholm in ST.LOUIS zone.
9:26 of 1st period - Minor Penalty to Neal Pionk for Tripping.
9:27 of 1st period - Elias Lindholm wins face-off versus Johnny Gaudreau in ST.LOUIS zone.
11:05 of 1st period - Shot by Viktor Arvidsson.
11:05 of 1st period - Stopped by Semyon Varlamov without a rebound.
11:06 of 1st period - Elias Lindholm wins face-off versus Johnny Gaudreau in ST.LOUIS zone.
11:07 of 1st period - Shot by Zach Werenski.
11:07 of 1st period - Stopped by Semyon Varlamov without a rebound.
11:08 of 1st period - Elias Lindholm wins face-off versus Johnny Gaudreau in ST.LOUIS zone.
11:13 of 1st period - Shot by Zach Werenski.
11:13 of 1st period - Shot Blocked by Ryan Johansen.
11:41 of 1st period - Shot by Joonas Donskoi.
11:41 of 1st period - Stopped by Pavel Francouz without a rebound.
11:42 of 1st period - Carl Soderberg wins face-off versus Tyson Jost in TAMPA BAY zone.
11:59 of 1st period - Shot by Brett Connolly.
11:59 of 1st period - Shot Blocked by Tyson Jost.
12:01 of 1st period - Shot by Brayden McNabb.
12:01 of 1st period - Shot Blocked by Rasmus Andersson.
12:56 of 1st period - Shot by Joonas Donskoi.
12:56 of 1st period - Stopped by Pavel Francouz without a rebound.
12:57 of 1st period - Elias Lindholm wins face-off versus Ryan Johansen in TAMPA BAY zone.
13:04 of 1st period - Shot by Sebastian Aho.
13:04 of 1st period - Shot Blocked by Neal Pionk.
13:49 of 1st period - Shot by Viktor Arvidsson.
13:49 of 1st period - Stopped by Semyon Varlamov without a rebound.
13:50 of 1st period - Filip Chytil wins face-off versus Brett Howden in ST.LOUIS zone.
13:53 of 1st period - Shot by Filip Forsberg.
13:53 of 1st period - Stopped by Semyon Varlamov without a rebound.
13:54 of 1st period - Carl Soderberg wins face-off versus Filip Chytil in ST.LOUIS zone.
13:54 of 1st period - Carl Soderberg is hit by Filip Forsberg.
13:59 of 1st period - Darnell Nurse is hit by MacKenzie Weegar and loses puck.
14:01 of 1st period - Minor Penalty to Brett Connolly for Roughing.
14:02 of 1st period - Filip Chytil wins face-off versus Johnny Gaudreau in ST.LOUIS zone.
14:48 of 1st period - Icing by Zach Werenski.
14:49 of 1st period - Filip Chytil wins face-off versus Jaden Schwartz in TAMPA BAY zone.
15:28 of 1st period - Brayden McNabb is hit by Sebastian Aho and loses puck.
16:05 of 1st period - Icing by Josh Brown.
16:06 of 1st period - Jake Virtanen wins face-off versus Eric Fehr in TAMPA BAY zone.
16:10 of 1st period - Off-side.
16:11 of 1st period - Carl Soderberg wins face-off versus Tyson Jost in neutral zone.
16:16 of 1st period - Shot by Jaden Schwartz.
16:16 of 1st period - Goal by Jaden Schwartz - TAMPA BAY : 0 - ST.LOUIS : 1.
16:17 of 1st period - Carl Soderberg wins face-off versus Tyson Jost in neutral zone.
16:52 of 1st period - Off-side.
16:53 of 1st period - Elias Lindholm wins face-off versus Ryan Johansen in neutral zone.
16:55 of 1st period - John Klingberg is hit by Brenden Dillon and loses puck.
17:02 of 1st period - Shot by Ryan Johansen.
17:02 of 1st period - Stopped by Pavel Francouz with a rebound.
17:07 of 1st period - Minor Penalty to Ryan Johansen for Interference.
17:08 of 1st period - Johnny Gaudreau wins face-off versus Filip Chytil in ST.LOUIS zone.
17:25 of 1st period - Shot by Rasmus Andersson.
17:25 of 1st period - Stopped by Semyon Varlamov without a rebound.
17:26 of 1st period - Elias Lindholm wins face-off versus Johnny Gaudreau in ST.LOUIS zone.
17:30 of 1st period - Mathew Barzal is hit by Brayden McNabb.
17:36 of 1st period - Mathew Barzal is hit by James Neal and loses puck.
18:39 of 1st period - Shot by Filip Forsberg.
18:39 of 1st period - Stopped by Semyon Varlamov without a rebound.
18:40 of 1st period - Johnny Gaudreau wins face-off versus Filip Chytil in ST.LOUIS zone.
18:52 of 1st period - Icing by Rasmus Andersson.
18:53 of 1st period - Filip Chytil wins face-off versus Johnny Gaudreau in TAMPA BAY zone.
19:13 of 1st period - Shot by Jake Virtanen.
19:13 of 1st period - Stopped by Semyon Varlamov without a rebound.
19:14 of 1st period - Carl Soderberg wins face-off versus Tyson Jost in ST.LOUIS zone.
19:25 of 1st period - Shot by Carl Soderberg.
19:25 of 1st period - Stopped by Pavel Francouz without a rebound.
19:26 of 1st period - Eric Fehr wins face-off versus Filip Chytil in TAMPA BAY zone.
19:38 of 1st period - Icing by John Klingberg.
19:39 of 1st period - Filip Chytil wins face-off versus Brett Connolly in TAMPA BAY zone.
19:50 of 1st period - Zach Werenski is hit by Brett Connolly and loses puck.
Goals for this period are 0 for TAMPA BAY vs 1 for ST.LOUIS.
Shots for this period are 10 for TAMPA BAY vs 10 for ST.LOUIS.

2nd period


0:01 of 2nd period - Elias Lindholm wins face-off versus Ryan Johansen in neutral zone.
0:10 of 2nd period - Minor Penalty to Darnell Nurse for Tripping.
0:11 of 2nd period - Johnny Gaudreau wins face-off versus Elias Lindholm in ST.LOUIS zone.
0:32 of 2nd period - Shot by Elias Lindholm.
0:32 of 2nd period - Stopped by Semyon Varlamov without a rebound.
0:33 of 2nd period - Jaden Schwartz wins face-off versus Filip Chytil in ST.LOUIS zone.
0:33 of 2nd period - Jaden Schwartz is hit by Filip Forsberg.
0:40 of 2nd period - Icing by Rasmus Andersson.
0:41 of 2nd period - Johnny Gaudreau wins face-off versus Filip Chytil in TAMPA BAY zone.
1:14 of 2nd period - Shot by Vladislav Gavrikov.
1:14 of 2nd period - Stopped by Semyon Varlamov without a rebound.
1:15 of 2nd period - Jaden Schwartz wins face-off versus Elias Lindholm in ST.LOUIS zone.
1:15 of 2nd period - Jaden Schwartz is hit by Elias Lindholm.
1:31 of 2nd period - Icing by Mathew Barzal.
1:32 of 2nd period - Johnny Gaudreau wins face-off versus Elias Lindholm in TAMPA BAY zone.
2:16 of 2nd period - Shot by Joonas Donskoi.
2:16 of 2nd period - Shot Hit the Post.
2:32 of 2nd period - Shot by Robby Fabbri.
2:32 of 2nd period - Stopped by Semyon Varlamov without a rebound.
2:33 of 2nd period - Ryan Johansen wins face-off versus Filip Chytil in ST.LOUIS zone.
2:44 of 2nd period - Adam Fox is hit by Filip Forsberg and loses puck.
2:54 of 2nd period - Off-side.
2:55 of 2nd period - Brett Howden wins face-off versus Tyson Jost in neutral zone.
3:14 of 2nd period - Minor Penalty to Brett Howden for Roughing.
3:15 of 2nd period - Elias Lindholm wins face-off versus Johnny Gaudreau in ST.LOUIS zone.
3:52 of 2nd period - Minor Penalty to Mathew Barzal for Hooking.
3:53 of 2nd period - Elias Lindholm wins face-off versus Johnny Gaudreau in TAMPA BAY zone.
4:20 of 2nd period - Shot by Johnny Gaudreau.
4:20 of 2nd period - Shot Misses the Net.
4:35 of 2nd period - Icing by Darnell Nurse.
4:36 of 2nd period - Sonny Milano wins face-off versus Johnny Gaudreau in ST.LOUIS zone.
5:44 of 2nd period - Icing by Brayden McNabb.
5:45 of 2nd period - Elias Lindholm wins face-off versus Carl Soderberg in ST.LOUIS zone.
6:17 of 2nd period - Joonas Donskoi is hit by Josh Brown and loses puck.
6:30 of 2nd period - Shot by Joonas Donskoi.
6:30 of 2nd period - Shot Misses the Net.
6:38 of 2nd period - Adam Fox is hit by Jake Virtanen and loses puck.
7:08 of 2nd period - Off-side.
7:09 of 2nd period - Carl Soderberg wins face-off versus Elias Lindholm in neutral zone.
8:16 of 2nd period - Shot by Johnny Gaudreau.
8:16 of 2nd period - Shot Misses the Net.
8:18 of 2nd period - Shot by Jeff Carter.
8:18 of 2nd period - Stopped by Pavel Francouz without a rebound.
8:19 of 2nd period - Eric Fehr wins face-off versus Tyson Jost in TAMPA BAY zone.
9:15 of 2nd period - Filip Forsberg is hit by Brenden Dillon and loses puck.
9:31 of 2nd period - Viktor Arvidsson is hit by Brenden Dillon.
9:43 of 2nd period - Minor Penalty to Filip Forsberg for Roughing.
9:44 of 2nd period - Elias Lindholm wins face-off versus Carl Soderberg in TAMPA BAY zone.
10:01 of 2nd period - Shot by Darnell Nurse.
10:01 of 2nd period - Shot Blocked by Vladislav Gavrikov.
11:22 of 2nd period - Darnell Nurse is hit by Viktor Arvidsson and loses puck.
11:51 of 2nd period - Sam Gagner is hit by MacKenzie Weegar and loses puck.
12:04 of 2nd period - Shot by Jake Virtanen.
12:04 of 2nd period - Shot Misses the Net.
12:14 of 2nd period - Shot by Sam Gagner.
12:14 of 2nd period - Shot Misses the Net.
12:16 of 2nd period - Shot by Eric Fehr.
12:16 of 2nd period - Deflect By Sam Gagner.
12:16 of 2nd period - Goal by Sam Gagner - TAMPA BAY : 0 - ST.LOUIS : 2.
12:17 of 2nd period - Filip Chytil wins face-off versus Brett Howden in neutral zone.
12:29 of 2nd period - James Neal is hit by Viktor Arvidsson and loses puck.
12:39 of 2nd period - Joonas Donskoi is hit by Vladislav Gavrikov and loses puck.
12:49 of 2nd period - Filip Chytil is hit by Brett Howden and loses puck.
13:11 of 2nd period - Minor Penalty to Neal Pionk for Hooking.
13:12 of 2nd period - Johnny Gaudreau wins face-off versus Elias Lindholm in ST.LOUIS zone.
13:20 of 2nd period - Icing by John Klingberg.
13:21 of 2nd period - Elias Lindholm wins face-off versus Johnny Gaudreau in TAMPA BAY zone.
13:21 of 2nd period - Elias Lindholm is hit by Johnny Gaudreau.
13:22 of 2nd period - Minor Penalty to Johnny Gaudreau for Holding.
13:23 of 2nd period - James Neal wins face-off versus Sebastian Aho in ST.LOUIS zone.
13:33 of 2nd period - Off-side.
13:34 of 2nd period - James Neal wins face-off versus Elias Lindholm in neutral zone.
13:37 of 2nd period - Elias Lindholm is hit by James Neal and loses puck.
13:46 of 2nd period - Brayden McNabb is hit by Elias Lindholm and loses puck.
14:00 of 2nd period - Shot by Elias Lindholm.
14:00 of 2nd period - Deflect By Mathew Barzal.
14:00 of 2nd period - Stopped by Semyon Varlamov without a rebound.
14:01 of 2nd period - Filip Chytil wins face-off versus Blake Lizotte in ST.LOUIS zone.
14:08 of 2nd period - Shot by Rasmus Andersson.
14:08 of 2nd period - Shot Blocked by Darnell Nurse.
14:10 of 2nd period - Shot by Filip Chytil.
14:10 of 2nd period - Stopped by Semyon Varlamov with a rebound.
14:12 of 2nd period - Shot by Vladislav Gavrikov.
14:12 of 2nd period - Stopped by Semyon Varlamov without a rebound.
14:13 of 2nd period - Elias Lindholm wins face-off versus James Neal in ST.LOUIS zone.
14:16 of 2nd period - Shot by Mathew Barzal.
14:16 of 2nd period - Deflect By Sebastian Aho.
14:16 of 2nd period - Stopped by Semyon Varlamov without a rebound.
14:17 of 2nd period - Elias Lindholm wins face-off versus James Neal in ST.LOUIS zone.
14:25 of 2nd period - Icing by Sebastian Aho.
14:26 of 2nd period - James Neal wins face-off versus Elias Lindholm in TAMPA BAY zone.
14:58 of 2nd period - Shot by Zach Werenski.
14:58 of 2nd period - Shot Misses the Net.
15:00 of 2nd period - Shot by Zach Werenski.
15:00 of 2nd period - Shot Misses the Net.
15:02 of 2nd period - Shot by John Klingberg.
15:02 of 2nd period - Shot Misses the Net.
15:04 of 2nd period - Shot by Zach Werenski.
15:04 of 2nd period - Shot Blocked by Andy Greene.
15:06 of 2nd period - Shot by Mathew Barzal.
15:06 of 2nd period - Deflect By Elias Lindholm.
15:06 of 2nd period - Shot Misses the Net.
15:08 of 2nd period - Shot by Mathew Barzal.
15:08 of 2nd period - Shot Blocked by Darnell Nurse.
15:37 of 2nd period - Shot by Jake Virtanen.
15:37 of 2nd period - Shot Misses the Net.
15:39 of 2nd period - Shot by MacKenzie Weegar.
15:39 of 2nd period - Shot Blocked by Adam Fox.
15:45 of 2nd period - Shot by Jake Virtanen.
15:45 of 2nd period - Stopped by Semyon Varlamov without a rebound.
15:46 of 2nd period - Ryan Johansen wins face-off versus Filip Chytil in ST.LOUIS zone.
15:50 of 2nd period - Brenden Dillon is hit by Rasmus Andersson and loses puck.
16:11 of 2nd period - Shot by Johnny Gaudreau.
16:11 of 2nd period - Shot Hit the Post.
16:13 of 2nd period - Shot by Ryan Johansen.
16:13 of 2nd period - Stopped by Pavel Francouz without a rebound.
16:14 of 2nd period - Tyson Jost wins face-off versus Carl Soderberg in TAMPA BAY zone.
16:29 of 2nd period - Shot by John Klingberg.
16:29 of 2nd period - Stopped by Semyon Varlamov without a rebound.
16:30 of 2nd period - Brett Howden wins face-off versus Elias Lindholm in ST.LOUIS zone.
16:30 of 2nd period - Brett Howden is hit by Elias Lindholm.
16:50 of 2nd period - Shot by Sebastian Aho.
16:50 of 2nd period - Stopped by Semyon Varlamov without a rebound.
16:51 of 2nd period - Ryan Johansen wins face-off versus Filip Chytil in ST.LOUIS zone.
16:55 of 2nd period - Johnny Gaudreau is hit by Filip Forsberg and loses puck.
17:05 of 2nd period - Icing by Filip Forsberg.
17:06 of 2nd period - Carl Soderberg wins face-off versus Filip Chytil in TAMPA BAY zone.
17:38 of 2nd period - Jaden Schwartz is hit by John Klingberg and loses puck.
18:58 of 2nd period - Shot by Mathew Barzal.
18:58 of 2nd period - Stopped by Semyon Varlamov without a rebound.
18:59 of 2nd period - Tim Schaller wins face-off versus Tyson Jost in ST.LOUIS zone.
Goals for this period are 0 for TAMPA BAY vs 1 for ST.LOUIS.
Shots for this period are 11 for TAMPA BAY vs 3 for ST.LOUIS.

3rd period


0:01 of 3rd period - Elias Lindholm wins face-off versus Jeff Carter in neutral zone.
0:10 of 3rd period - Shot by Sebastian Aho.
0:10 of 3rd period - Stopped by Semyon Varlamov with a rebound.
0:32 of 3rd period - Shot by Elias Lindholm.
0:32 of 3rd period - Shot Misses the Net.
0:37 of 3rd period - Minor Penalty to Elias Lindholm for Interference.
0:38 of 3rd period - Carl Soderberg wins face-off versus Jesper Bratt in TAMPA BAY zone.
0:42 of 3rd period - Jaden Schwartz is hit by Rasmus Andersson and loses puck.
1:01 of 3rd period - Icing by Brayden McNabb.
1:02 of 3rd period - Carl Soderberg wins face-off versus Sebastian Aho in ST.LOUIS zone.
1:17 of 3rd period - Shot by Brett Connolly.
1:17 of 3rd period - Deflect By Carl Soderberg.
1:17 of 3rd period - Shot Misses the Net.
1:19 of 3rd period - Shot by Brayden McNabb.
1:19 of 3rd period - Shot Misses the Net.
1:21 of 3rd period - Shot by Brenden Dillon.
1:21 of 3rd period - Stopped by Pavel Francouz without a rebound.
1:22 of 3rd period - David Kampf wins face-off versus Ryan Johansen in TAMPA BAY zone.
1:35 of 3rd period - Shot by Darnell Nurse.
1:35 of 3rd period - Stopped by Pavel Francouz without a rebound.
1:36 of 3rd period - Ryan Johansen wins face-off versus Jesper Bratt in TAMPA BAY zone.
1:59 of 3rd period - Shot by Darnell Nurse.
1:59 of 3rd period - Shot Misses the Net.
2:01 of 3rd period - Shot by Johnny Gaudreau.
2:01 of 3rd period - Stopped by Pavel Francouz without a rebound.
2:02 of 3rd period - David Kampf wins face-off versus Carl Soderberg in TAMPA BAY zone.
2:08 of 3rd period - Icing by Carl Soderberg.
2:09 of 3rd period - David Kampf wins face-off versus Carl Soderberg in ST.LOUIS zone.
2:15 of 3rd period - Icing by Jaden Schwartz.
2:16 of 3rd period - Carl Soderberg wins face-off versus Jesper Bratt in ST.LOUIS zone.
2:16 of 3rd period - Brenden Dillon is hit by Sebastian Aho and loses puck.
2:25 of 3rd period - Shot by Brayden McNabb.
2:25 of 3rd period - Shot Blocked by John Klingberg.
2:27 of 3rd period - Shot by Jaden Schwartz.
2:27 of 3rd period - Shot Misses the Net.
2:29 of 3rd period - Shot by Brayden McNabb.
2:29 of 3rd period - Stopped by Pavel Francouz without a rebound.
2:30 of 3rd period - Ryan Johansen wins face-off versus Jesper Bratt in TAMPA BAY zone.
2:31 of 3rd period - Shot by Andy Greene.
2:31 of 3rd period - Stopped by Pavel Francouz with a rebound.
3:42 of 3rd period - Shot by Ryan Johansen.
3:42 of 3rd period - Shot Blocked by MacKenzie Weegar.
3:44 of 3rd period - Shot by Jeff Carter.
3:44 of 3rd period - Shot Misses the Net.
3:46 of 3rd period - Shot by Andy Greene.
3:46 of 3rd period - Stopped by Pavel Francouz without a rebound.
3:47 of 3rd period - Elias Lindholm wins face-off versus Carl Soderberg in TAMPA BAY zone.
4:14 of 3rd period - Shot by Elias Lindholm.
4:14 of 3rd period - Stopped by Semyon Varlamov without a rebound.
4:15 of 3rd period - Ryan Johansen wins face-off versus Tyson Jost in ST.LOUIS zone.
5:30 of 3rd period - Shot by Elias Lindholm.
5:30 of 3rd period - Stopped by Semyon Varlamov without a rebound.
5:30 of 3rd period - Minor Penalty to Brayden McNabb for Slashing.
5:31 of 3rd period - Filip Chytil wins face-off versus Jaden Schwartz in ST.LOUIS zone.
5:42 of 3rd period - Shot by Filip Forsberg.
5:42 of 3rd period - Deflect By Viktor Arvidsson.
5:42 of 3rd period - Stopped by Semyon Varlamov with a rebound.
7:18 of 3rd period - Shot by Viktor Arvidsson.
7:18 of 3rd period - Stopped by Semyon Varlamov without a rebound.
7:19 of 3rd period - Jaden Schwartz wins face-off versus Elias Lindholm in ST.LOUIS zone.
7:19 of 3rd period - Jaden Schwartz is hit by Elias Lindholm.
7:45 of 3rd period - Off-side.
7:46 of 3rd period - Carl Soderberg wins face-off versus Tyson Jost in neutral zone.
7:58 of 3rd period - Shot by Brett Connolly.
7:58 of 3rd period - Shot Misses the Net.
8:15 of 3rd period - Shot by Tyson Jost.
8:15 of 3rd period - Shot Misses the Net.
9:25 of 3rd period - Shot by Ryan Johansen.
9:25 of 3rd period - Deflect By Jeff Carter.
9:25 of 3rd period - Shot Blocked by Josh Brown.
9:57 of 3rd period - Shot by Sebastian Aho.
9:57 of 3rd period - Shot Misses the Net.
10:11 of 3rd period - Shot by Mathew Barzal.
10:11 of 3rd period - Stopped by Semyon Varlamov with a rebound.
10:13 of 3rd period - Shot by Sebastian Aho.
10:13 of 3rd period - Stopped by Semyon Varlamov with a rebound.
10:15 of 3rd period - Shot by Mathew Barzal.
10:15 of 3rd period - Shot Misses the Net.
10:17 of 3rd period - Shot by Sebastian Aho.
10:17 of 3rd period - Stopped by Semyon Varlamov without a rebound.
10:18 of 3rd period - Tyson Jost wins face-off versus Eric Fehr in ST.LOUIS zone.
10:24 of 3rd period - Jake Virtanen is hit by Darnell Nurse and loses puck.
10:36 of 3rd period - Shot by Eric Fehr.
10:36 of 3rd period - Stopped by Pavel Francouz without a rebound.
10:37 of 3rd period - Ryan Johansen wins face-off versus David Kampf in TAMPA BAY zone.
10:49 of 3rd period - Adam Fox is hit by David Kampf.
11:07 of 3rd period - Johnny Gaudreau is hit by David Kampf and loses puck.
11:40 of 3rd period - Shot by Jake Virtanen.
11:40 of 3rd period - Shot Misses the Net.
11:48 of 3rd period - Shot by Jake Virtanen.
11:48 of 3rd period - Stopped by Semyon Varlamov without a rebound.
11:49 of 3rd period - Elias Lindholm wins face-off versus Brett Howden in ST.LOUIS zone.
12:43 of 3rd period - Shot by Jaden Schwartz.
12:43 of 3rd period - Deflect By Carl Soderberg.
12:43 of 3rd period - Stopped by Pavel Francouz without a rebound.
12:44 of 3rd period - Filip Chytil wins face-off versus Eric Fehr in TAMPA BAY zone.
12:51 of 3rd period - Shot by Tim Schaller.
12:51 of 3rd period - Deflect By Sam Gagner.
12:51 of 3rd period - Goal by Sam Gagner - TAMPA BAY : 0 - ST.LOUIS : 3.
12:52 of 3rd period - Filip Chytil wins face-off versus Ryan Johansen in neutral zone.
13:24 of 3rd period - Icing by Darnell Nurse.
13:25 of 3rd period - Ryan Johansen wins face-off versus Tyson Jost in ST.LOUIS zone.
13:27 of 3rd period - Icing by Johnny Gaudreau.
13:28 of 3rd period - Tyson Jost wins face-off versus Ryan Johansen in ST.LOUIS zone.
13:38 of 3rd period - Jake Virtanen is hit by Darnell Nurse and loses puck.
14:16 of 3rd period - Shot by Jaden Schwartz.
14:16 of 3rd period - Shot Misses the Net.
14:28 of 3rd period - Shot by Jaden Schwartz.
14:28 of 3rd period - Deflect By Carl Soderberg.
14:28 of 3rd period - Shot Blocked by Rasmus Andersson.
14:32 of 3rd period - Shot by Brett Connolly.
14:32 of 3rd period - Stopped by Pavel Francouz without a rebound.
14:33 of 3rd period - Brett Howden wins face-off versus Elias Lindholm in TAMPA BAY zone.
14:36 of 3rd period - Shot by Neal Pionk.
14:36 of 3rd period - Stopped by Pavel Francouz without a rebound.
14:37 of 3rd period - Elias Lindholm wins face-off versus Brett Howden in TAMPA BAY zone.
14:42 of 3rd period - Joonas Donskoi is hit by Elias Lindholm and loses puck.
15:33 of 3rd period - Shot by Viktor Arvidsson.
15:33 of 3rd period - Stopped by Semyon Varlamov without a rebound.
15:34 of 3rd period - Viktor Arvidsson wins face-off versus Ryan Johansen in ST.LOUIS zone.
15:35 of 3rd period - Shot by Filip Forsberg.
15:35 of 3rd period - Deflect By Viktor Arvidsson.
15:35 of 3rd period - Stopped by Semyon Varlamov without a rebound.
15:36 of 3rd period - Ryan Johansen wins face-off versus Filip Chytil in ST.LOUIS zone.
15:46 of 3rd period - MacKenzie Weegar is hit by Darnell Nurse and loses puck.
16:08 of 3rd period - Filip Forsberg is hit by Ryan Johansen and loses puck.
16:15 of 3rd period - Shot by Filip Chytil.
16:15 of 3rd period - Stopped by Semyon Varlamov without a rebound.
16:16 of 3rd period - Carl Soderberg wins face-off versus Mathew Barzal in ST.LOUIS zone.
16:18 of 3rd period - Icing by Jaden Schwartz.
16:19 of 3rd period - Elias Lindholm wins face-off versus Jaden Schwartz in ST.LOUIS zone.
18:02 of 3rd period - Shot by Ryan Johansen.
18:02 of 3rd period - Shot Misses the Net.
18:04 of 3rd period - Shot by Neal Pionk.
18:04 of 3rd period - Stopped by Pavel Francouz without a rebound.
18:05 of 3rd period - Eric Fehr wins face-off versus Tyson Jost in TAMPA BAY zone.
18:54 of 3rd period - Shot by Elias Lindholm.
18:54 of 3rd period - Stopped by Semyon Varlamov without a rebound.
18:55 of 3rd period - Ryan Johansen wins face-off versus Elias Lindholm in ST.LOUIS zone.
Goals for this period are 0 for TAMPA BAY vs 1 for ST.LOUIS.
Shots for this period are 13 for TAMPA BAY vs 12 for ST.LOUIS.